[Event "FIDE WSTC Open 50 2025"]
[Site "Prague"]
[Date "2025.02.18"]
[Round "2.11"]
[White "Olafsson, Helgi"]
[Black "Josse, Mark"]
[Result "1/2-1/2"]
[Annotator "TA"]
[ECO "D00"]
[WhiteElo "2466"]
[BlackElo "2139"]
[PlyCount "67"]
[EventDate "2025.02.17"]
[EventType "team-tourn"]
[EventCountry "CZE"]
[SourceTitle "playchess.com"]
[Source "ChessBase"]
[SourceQuality "1"]
[TimeControl "40/5400+30:1800+30"]

1. d4 d5 2. Bf4 Nf6 3. e3 e6 4. Nf3 Bd6 5. Nbd2 O-O 6. Bd3 {[%emt 0:01:40] D02: 1 d4 d5 2 Nf3 sidelines, including 2...Nf6 3 g3 and 2...Nf6 3 Bf4.} c5 7. dxc5 Bxf4 8. exf4 {[%emt 0:00:07] White is slightly better.} Qc7 9. g3 Qxc5 10. O-O b6 11. Qe2 Nbd7 12. Ne5 Bb7 13. c3 $146 ({Predecessor:} 13. Nxd7 Nxd7 14. Nb3 Qc7 15. Nd4 Rac8 16. Rfe1 Rfd8 17. Rad1 Qd6 18. c3 Qf8 19. Bb5 {1-0 Sandipan,C (2458)-Ashraf,A (2289) Abu Dhabi op 28th 2022 (2)}) 13... Rad8 14. Rfe1 (14. Nb3 $14 Qc7 15. Nd4) 14... Rfe8 (14... d4 $11) 15. Nb3 Qd6 16. Bb5 Rf8 17. Nd4 Nc5 18. Qe3 Rc8 19. a4 a6 20. Bf1 Qc7 21. f3 Ne8 {[%emt 0:00:39] [#]} ({Black should play} 21... Ncd7 $14) 22. Bh3 $1 $16 {[%emt 0:01:17] White has more active pieces.} Nd6 (22... Nf6 $16 23. b3 Ncd7) 23. b4 $18 Nd7 $2 {[%emt 0:04:34] [#]} (23... Rfe8 24. bxc5 bxc5) 24. Nxe6 $1 fxe6 25. Bxe6+ Kh8 26. Bxd7 Rcd8 27. Bg4 Nc4 28. Nxc4 dxc4 29. Qe7 Qb8 30. Re5 Qa8 $2 (30... h6 {was necessary.} 31. Qe6 Qa8) 31. Rae1 h6 32. R1e3 Bc6 33. Qc7 {[%emt 0:01:32] Re7 would now be deadly.} Rd2 $2 (33... Bxa4 34. Qxb6 (34. Qxc4 Rd1+ 35. Re1 Bb5 $18) 34... Rd3) 34. Re7 {[%emt 0:01:15][%mdl 32768] Weighted Error Value: White=0.19 (very precise) /Black=0.48 An unexpected result.  Mistake:       	White=1     	Black=6      Inaccurate:     	---       	Black=3      OK:         	White=9     	Black=8      Best:        	White=2     	---        Brilliant:      	White=1     	---} 1/2-1/2

[Event "FIDE WSTC Open 50 2025"]
[Site "Prague"]
[Date "2025.02.18"]
[Round "2.12"]
[White "Frostick, Clive A"]
[Black "Arnason, Jon L"]
[Result "0-1"]
[Annotator "TA"]
[ECO "C47"]
[WhiteElo "2105"]
[BlackElo "2405"]
[PlyCount "70"]
[EventDate "2025.02.17"]
[EventType "team-tourn"]
[EventCountry "CZE"]
[SourceTitle "playchess.com"]
[Source "ChessBase"]
[SourceQuality "1"]
[TimeControl "40/5400+30:1800+30"]

1. e4 e5 2. Nf3 Nc6 3. Nc3 Nf6 4. d4 exd4 5. Nxd4 Bc5 6. Be3 Bb6 7. Be2 {[%emt 0:10:49] 7.Qd2 is the modern continuation.} (7. Qd2 $14) 7... O-O $11 {[%emt 0:06:02] C47: Scotch Four Knights and Four Knights with 4 g3.} 8. O-O Re8 9. Nxc6 bxc6 {[%emt 0:00:31] The position is equal.} 10. Bg5 h6 11. Bh4 Qe7 12. Bd3 d6 13. Kh1 Bd4 14. f4 Qe6 $146 (14... Bxc3 15. bxc3 Bd7 16. Qf3 Qe6 17. Rae1 Qg4 18. Qf2 Qe6 19. e5 dxe5 20. h3 e4 21. Bxf6 Qxf6 22. Rxe4 Rxe4 23. Bxe4 Qxc3 {0-1 Castrillo Mansego,P (1990)-Del Amo Carbo,J (2153) Barcelona Electrica de Baleares 2018 (2)}) 15. Ne2 (15. e5 $11 {feels stronger.} dxe5 16. f5) 15... Bxb2 $15 16. Rb1 Rb8 ({Better is} 16... Qxa2 $15 17. c3 (17. e5 dxe5 18. Bxf6 gxf6 $11) 17... Nd7 (17... Nxe4 18. Qc2 $14)) 17. Nd4 $14 Qg4 (17... Qxa2 $14 18. Bxf6 (18. Nxc6 Rb6 $17) 18... Bd7) 18. Bxf6 (18. Nxc6 Qxh4 19. g3 Qh3 20. Nxb8 Bd4 $19 (20... Bg4 $2 21. Qd2 $19)) (18. Qxg4 $1 $16 Nxg4 19. Nxc6) 18... Qxd1 $11 19. Rfxd1 gxf6 20. Nxc6 Rb6 21. Na5 (21. Nxa7 $11 Bd7 22. c4 (22. Nb5 Bxb5 23. Rxb2 Bxd3 $17)) 21... Bc3 22. Nc4 Rxb1 23. Rxb1 Be6 24. Ne3 $2 (24. Rb7 $2 Bxc4 25. Rxc7 Bxd3 26. cxd3 Bd4 $19) (24. g3 $1 $11 {and White stays safe.}) 24... Bxa2 $19 {[%emt 0:02:24] This pair of bishops is nice.} 25. Rb7 {[%emt 0:00:10] [#]} (25. Rb5 $17 {was worth a try.}) 25... Bd4 $1 26. Nf5 Bb6 27. g4 d5 (27... Kf8 $19 {aiming for ...d5.} 28. Bb5 Rd8 29. Nxh6 d5) 28. Bb5 $17 {[%emt 0:00:41] [#]} (28. Nxh6+ $2 Kh7 (28... Kf8 $2 29. Bb5 $19) 29. Bb5 Rf8 $19 (29... Rxe4 30. Nxf7 Kg6 31. Nd8 $17)) 28... Rd8 (28... Rxe4 $6 29. Rb8+ Kh7 30. Ng3 $11) 29. Bd3 (29. Nxh6+ $2 {loses.} Kf8 30. Kg2 dxe4 $19) (29. Ne7+ $17 {was the crucial defense.} Kh8 30. e5) 29... dxe4 $19 30. Bxe4 Kf8 31. Kg2 Bc4 32. Nxh6 Ba6 33. Kf3 Bxb7 {[%emt 0:00:44] Black is clearly winning.} 34. Bxb7 Rd2 35. Be4 (35. Ba6 $142) 35... a5 {[%emt 0:00:39] Weighted Error Value: White=0.54/Black=0.22 (precise)   Loses game:     	White=2     	---        Mistake:       	White=5     	Black=3      Inaccurate:     	White=1     	Black=2      OK:         	White=7     	Black=11     Best:        	White=3     	Black=4      Strong:       	---       	Black=1} 0-1

[Event "FIDE WSTC Open 50 2025"]
[Site "Prague"]
[Date "2025.02.18"]
[Round "2.13"]
[White "Gronn, Atle"]
[Black "Godena, Michele"]
[Result "1/2-1/2"]
[Annotator "TA"]
[ECO "D02"]
[WhiteElo "2366"]
[BlackElo "2439"]
[PlyCount "49"]
[EventDate "2025.02.17"]
[EventType "team-tourn"]
[EventCountry "CZE"]
[SourceTitle "playchess.com"]
[Source "ChessBase"]
[SourceQuality "1"]
[TimeControl "40/5400+30:1800+30"]

1. d4 d5 2. Nf3 Bf5 3. c4 e6 4. Nc3 Nf6 5. Bg5 c6 6. Qb3 Qb6 {[%emt 0:04:05] D06: Queen's Gambit: Symmetrical and Baltic Defences.} 7. Bxf6 gxf6 8. e3 Rg8 9. cxd5 exd5 10. Qxb6 axb6 11. Nh4 Bg6 12. Kd2 $146 ({Predecessor:} 12. Be2 b5 13. O-O b4 14. Nxg6 hxg6 15. Nb1 Nd7 16. Nd2 f5 17. Nf3 Bd6 18. Ne1 {½-½ Mai,I (2110)-Petri,B (2052) BL2 Ost 1213 (Women) 2012 (3.3)}) 12... Be7 13. g3 f5 14. Ng2 Nd7 15. Bd3 Nf6 16. f3 Kd7 17. Nf4 Ne8 18. h4 {[%emt 0:06:41] [#] And now h5 would win.} h5 19. a4 Bb4 20. Kc2 Nf6 {[%emt 0:00:04] The position is equal.} 21. Rhg1 Rae8 22. Rae1 Re7 23. Kb3 Bd6 24. Re2 Bh7 25. Rgg2 {[%emt 0:05:10] Weighted Error Value: White=0.06 (flawless) /Black=0.04 (flawless)   Mistake:       	White=1     	---        Inaccurate:     	---       	Black=1      OK:         	White=7     	Black=8} ({White should play} 25. Nd1 $11) 1/2-1/2

[Event "FIDE WSTC Open 50 2025"]
[Site "Prague"]
[Date "2025.02.18"]
[Round "2.14"]
[White "Bellini, Fabio"]
[Black "Dahl, Fredrik A"]
[Result "1-0"]
[Annotator "TA"]
[ECO "C42"]
[WhiteElo "2408"]
[BlackElo "2198"]
[PlyCount "97"]
[EventDate "2025.02.17"]
[EventType "team-tourn"]
[EventCountry "CZE"]
[SourceTitle "playchess.com"]
[Source "ChessBase"]
[SourceQuality "1"]
[TimeControl "40/5400+30:1800+30"]

1. e4 e5 2. Nf3 Nf6 3. Nxe5 d6 4. Nf3 Nxe4 5. c4 Nc6 6. Nc3 Nxc3 7. dxc3 Bf5 {[%emt 0:05:43] 7...g6 gains popularity. C42: Petroff Defence: 3 Nxe5 and unusual White 3rd moves.} 8. Bd3 Qd7 9. Bxf5 Qxf5 {[%emt 0:00:10] The position is equal.} 10. O-O Be7 11. Re1 O-O 12. Qd5 Qc2 13. Bf4 Bf6 14. Qb5 Rab8 15. Rac1 Qg6 16. h3 h6 17. Rcd1 $146 (17. g4 Nd8 18. Bg3 Ne6 19. Qd5 Nc5 20. Rcd1 Rfe8 21. Kg2 Rxe1 22. Rxe1 Qd3 23. h4 Qxd5 24. cxd5 {½-½ Zhang,Z (2596)-Mamedyarov,S (2660) Olympiad-36 Mallorca 2004 (12)}) 17... a6 18. Qd5 Qc2 19. Rd2 Qa4 20. Qf5 (20. Bg3 $11 {might be stronger.}) 20... Ne7 $15 21. Qg4 Qxc4 22. b3 {[%emt 0:06:08] [#]} h5 $1 23. Qg3 (23. bxc4 hxg4) 23... Qxc3 24. Bg5 {[%emt 0:00:14] [#]} Nf5 (24... Rbe8 $142 $1 {Hoping for ...Nf5.} 25. Red1 Bxg5 26. Qxg5 g6) 25. Qf4 $17 Bxg5 26. Nxg5 Qf6 (26... Qa5 $17 27. Rde2 Nd4) 27. Rd5 $36 {[%emt 0:03:45][%mdl 2048] Black is under pressure.} Nh6 28. Qxf6 gxf6 29. Ne4 Kg7 30. Ng3 Rfe8 31. Nxh5+ Kg6 $1 32. Nf4+ Kh7 ({Better is} 32... Kg7 $1 $11 33. Rc1 Rbc8) 33. Rc1 $1 $14 {[%emt 0:00:41][%mdl 1024] White has compensation.} Re7 (33... Rbc8 $14) 34. Rc4 {[%emt 0:01:52] White is more active.} (34. Rdd1 $16) 34... Rd8 $11 35. Rh5 f5 36. Nd5 Re1+ 37. Kh2 c6 38. Ne3 Kg6 39. Rch4 Rh8 40. Kg3 f6 $1 41. Kf3 {[%emt 0:01:27] Repels Re2} Kg7 $2 (41... d5 $11 {and Black stays safe.}) 42. Nxf5+ $18 (42. Rxh6 Rxe3+ 43. fxe3 Rxh6 $14) 42... Nxf5 43. Rg4+ ({Weaker is} 43. Rxh8 Nxh4+ 44. Rxh4 d5 $18) 43... Kf7 44. Rxh8 d5 45. Rh7+ Ke6 46. Rxb7 Ke5 47. Rg8 {[%emt 0:04:18] And now Re8+ would win. White is clearly winning.} Nh4+ 48. Kg4 Re4+ 49. Kh5 {[%emt 0:00:33] White used his chance.   Weighted Error Value: White=0.11 (very precise) /Black=0.30  Loses game:     	---       	Black=1      Mistake:       	White=2     	Black=4      Inaccurate:     	White=2     	Black=1      OK:         	White=23    	Black=23     Best:        	White=2     	Black=3      Strong:       	White=1     	Black=2} 1-0

[Event "FIDE WSTC Open 50 2025"]
[Site "Prague"]
[Date "2025.02.18"]
[Round "2.15"]
[White "Kirkebo, Carl Peter"]
[Black "Bellia, Fabrizio"]
[Result "0-1"]
[Annotator "TA"]
[ECO "A13"]
[WhiteElo "2148"]
[BlackElo "2393"]
[PlyCount "62"]
[EventDate "2025.02.17"]
[EventType "team-tourn"]
[EventCountry "CZE"]
[SourceTitle "playchess.com"]
[Source "ChessBase"]
[SourceQuality "1"]
[TimeControl "40/5400+30:1800+30"]

1. c4 e6 2. Nf3 d5 3. g3 Nf6 4. Bg2 d4 5. O-O c5 6. e3 Nc6 7. exd4 cxd4 8. d3 Bd6 {[%emt 0:06:13] A13: English Opening: 1...e6.} 9. Na3 O-O 10. Nc2 (10. Re1 $5) 10... e5 {[%emt 0:07:14] The position is equal.} 11. b4 a6 12. Rb1 {[%emt 0:15:35] has lost popularity (12.a4).} Bd7 13. Re1 Re8 14. Bg5 h6 15. Bxf6 Qxf6 16. Nd2 Bf8 17. Ne4 $146 (17. c5 $14) (17. a4 Qg6 18. Qe2 Bg4 19. Qf1 Kh8 20. b5 axb5 21. axb5 Nd8 22. Nxd4 Ra2 23. N4f3 {1-0 Fanninger,L (2215)-Esplugas Esteve,V (2290) La Pobla de Lillet op 33rd 2024 (6)}) 17... Qg6 $11 18. Nc5 Bf5 19. Rb3 (19. Ne4 $1 $11 {remains equal.}) 19... a5 $36 {[%emt 0:01:16][%mdl 2048] Black is really pushing.} 20. a3 (20. Nxb7 $17 Nxb4 (20... Bxb4 21. Nxb4 Nxb4 22. Nc5 $17) (20... axb4 21. c5 $11) 21. Nxb4 Bxb4 (21... axb4 22. c5 $15) 22. Rf1) 20... a4 $19 21. Rb2 Bxc5 22. bxc5 Bxd3 {[%emt 0:00:07][%csl Od4] Black has a strong passed pawn} 23. Nb4 (23. Bd5 $17 {was necessary.}) 23... Bxc4 24. Nd5 Bb3 25. Rxb3 axb3 26. Nc7 Qc2 27. Qxc2 (27. Nxe8 Rxe8 28. Qxc2 bxc2 29. Be4) 27... bxc2 {[%emt 0:00:05] Black is clearly winning.} 28. Be4 {[%emt 0:00:30] [#]} Rxa3 $1 29. Nxe8 (29. Bxc2 d3) 29... d3 {[%emt 0:00:02] Threatens to win with ...d2.} 30. Rf1 Nd4 31. Nd6 Rc3 {[%emt 0:01:30] Weighted Error Value: White=0.59/Black=0.13 (very precise)   Mistake:       	White=5     	---        Inaccurate:     	White=2     	Black=1      OK:         	White=7     	Black=8      Best:        	White=1     	Black=3} 0-1

[Event "FIDE WSTC Open 50 2025"]
[Site "Prague"]
[Date "2025.02.18"]
[Round "2.16"]
[White "D'Amore, Carlo"]
[Black "Berg, Anders Hoyer"]
[Result "1-0"]
[Annotator "TA"]
[ECO "A06"]
[WhiteElo "2362"]
[BlackElo "2073"]
[PlyCount "81"]
[EventDate "2025.02.17"]
[EventType "team-tourn"]
[EventCountry "CZE"]
[SourceTitle "playchess.com"]
[Source "ChessBase"]
[SourceQuality "1"]
[TimeControl "40/5400+30:1800+30"]

1. Nf3 d5 2. g3 Nf6 3. Bg2 c6 4. b3 Bg4 5. Bb2 Nbd7 6. c4 e6 7. O-O Bd6 8. d3 O-O 9. Nbd2 a5 10. a3 Qe7 11. h3 Bh5 12. cxd5 {[%emt 0:10:35] A12: English Opening: 1...c6 with b3 by White.} cxd5 13. Nd4 a4 $146 (13... Rfc8 14. N2f3 Bc5 15. Qd2 Ne8 16. Nc2 Bg6 17. b4 axb4 18. axb4 Bb6 19. Nfd4 Nd6 {1-0 Brunello,S (2553)-Schneider,I (2517) EU-ch blitz Katowice 2017 (16)}) 14. b4 {[%emt 0:04:29] White has an edge.} Rfc8 15. Rc1 Rxc1 16. Qxc1 Qd8 17. Qa1 Qb6 18. g4 Bg6 19. N4f3 h6 20. Rc1 Qd8 21. Ne5 Nxe5 22. Bxe5 Bxe5 23. Qxe5 Rc8 {[%emt 0:00:42] Prevents Qc7} 24. Qa1 Ne8 25. Nf3 Rxc1+ 26. Qxc1 Qc7 {[%emt 0:01:07] Repels Qc2} 27. Qd1 b5 $1 {[%emt 0:00:29] [#] ...Qc3 would now be deadly.} 28. Nd4 Nd6 (28... e5 $5 29. Nxb5 Qc6 $16) 29. Qd2 {[%emt 0:01:21] Dodges Qc3} Kf8 (29... e5 $11 {remains equal.} 30. Qc2 Qxc2 31. Nxc2 e4) 30. f4 $16 Ke7 (30... Kg8 $142) 31. Qe3 Kf8 32. Kf2 {[%emt 0:02:02] White is more active.} Qc3 (32... h5 $16 33. Bf3 (33. Qxe6 Nf5 $11) 33... Kg8 34. gxh5 Bh7) 33. Qe5 $18 {[%emt 0:01:21] aiming for Nxe6+.} Qc7 {[%emt 0:00:28] [#]} 34. Qxe6 $1 Ne4+ (34... fxe6 $2 35. Nxe6+ Ke7 36. Nxc7 $18) (34... Nc4 35. Ke1) 35. Bxe4 (35. dxe4 $2 Qxf4+ (35... fxe6 $2 {too greedy.} 36. Nxe6+ Ke7 37. Nxc7 $18) 36. Bf3 Qh2+ (36... fxe6 $2 37. Nxe6+ Kf7 38. Nxf4 $18) 37. Kf1 fxe6 $19) 35... Qxf4+ 36. Kg2 {[%emt 0:00:22] White wants to mate with Qc8+.} dxe4 $2 (36... Qxe4+ 37. dxe4 fxe6) 37. Qc8+ Ke7 38. Nc6+ ({Worse is} 38. Nxb5 exd3 39. Qc5+ Kd8 40. Qd5+ Ke7 41. exd3 Qd2+ 42. Kf3 f6 $11 (42... Qxd3+ 43. Qxd3 Bxd3 44. Nc3 $11)) 38... Kf6 39. Qd8+ {[%emt 0:00:19] White mates.} Ke6 40. Nd4+ Ke5 41. Qc7+ {[%emt 0:30:15] Weighted Error Value: White=0.02 (flawless) /Black=0.52  Mistake:       	---       	Black=4      Inaccurate:     	White=1     	---        OK:         	White=13    	Black=9      Best:        	White=3     	Black=2      Strong:       	---       	Black=1} 1-0

[Event "FIDE WSTC Open 50 2025"]
[Site "Prague"]
[Date "2025.02.18"]
[Round "2.17"]
[White "Kazhgaleyev, Murtas"]
[Black "Plotkin, Victor"]
[Result "1-0"]
[Annotator "TA"]
[ECO "A05"]
[WhiteElo "2495"]
[BlackElo "2259"]
[PlyCount "115"]
[EventDate "2025.02.17"]
[EventType "team-tourn"]
[EventCountry "CZE"]
[SourceTitle "playchess.com"]
[Source "ChessBase"]
[SourceQuality "1"]
[TimeControl "40/5400+30:1800+30"]

1. Nf3 Nf6 2. g3 d5 3. Bg2 c6 4. O-O g6 5. b3 Bg7 6. Bb2 O-O 7. c4 $1 {[%emt 0:00:09] The main line 7.c4 scores better than 7.d3.} Bg4 8. d3 Re8 {[%emt 0:11:22] A11: English Opening: 1...c6.} 9. Nbd2 Na6 10. h3 Bxf3 $146 {[%emt 0:01:04] White has an edge.} (10... Bd7 11. a3 Qc8 12. Kh2 Ng4+ 13. hxg4 Bxb2 14. Ra2 Bg7 15. g5 Nc7 16. e3 e5 {1-0 Lainburg,V (2190)-Toubartz,H (1734) Bad Woerishofen Nestors op 27th 2011 (9)}) 11. Nxf3 Qd6 12. a3 e5 13. cxd5 cxd5 14. b4 Rac8 15. Qb3 e4 16. dxe4 Nxe4 17. Bxg7 Kxg7 18. Rac1 Kg8 19. e3 Nc7 20. Qd3 {[%emt 0:07:48] Repels Nb5} Rcd8 21. Nd2 (21. Rfd1 $16) 21... Nxd2 $11 22. Qxd2 Re7 (22... Ne6 $1 $11) 23. Rfd1 $16 Red7 24. Qb2 $36 {[%emt 0:04:56][%mdl 2048] White attacks White is really pushing.} Qe7 25. Rd3 Ne6 26. h4 d4 27. Re1 (27. Bh3 {is more complex.} dxe3 28. Rxe3 Rd1+ 29. Kg2) 27... dxe3 28. Rdxe3 Qf8 29. Bh3 Rd2 30. Qf6 (30. Qc3 $5 Nd4 31. Re4 $11 (31. Qxd2 Nf3+ 32. Rxf3 Rxd2 $11)) 30... Nc7 31. Bg2 Nd5 {[%emt 0:05:41] [#]} (31... b6 $1 $11 {remains equal.}) 32. Bxd5 ({White should play} 32. Qxd8 $1 $16 {Intending Re8 and mate.} Qxd8 33. Re8+ Qxe8 34. Rxe8+ Kg7 35. Ra8) 32... R2xd5 $14 33. Re7 R5d7 34. h5 {[%emt 0:01:31][%cal Bh4h5,Bh5h6][%mdl 32] White has more active pieces.} Rxe7 (34... gxh5 $16 35. Qg5+ Kh8) 35. Rxe7 $16 {[%emt 0:00:09][%mdl 4096] Endgame KQR-KQR} Rb8 $2 {[%emt 0:02:45] [#]} (35... Qg7 $16 36. Qf4 (36. Qxg7+ Kxg7 37. Rxb7 a5 $16) 36... gxh5 37. Rxb7 h4 38. Qxh4 (38. Rxa7 hxg3 39. Qxg3 Kf8 $16) 38... Rd1+ 39. Kg2 Qg6) 36. h6 $1 $18 a6 37. Qf4 Qxe7 38. Qxb8+ {[%emt 0:00:21] KQ-KQ} Qf8 39. Qxb7 Qxh6 40. Qxa6 Qc1+ 41. Kg2 h5 42. Qd3 {[%emt 0:02:08] Against Qd1} Qc6+ 43. Kh2 Qf6 44. Kg2 Qc6+ 45. Kg1 Qc1+ {[%emt 0:00:00] [#]} 46. Kh2 $1 f5 $2 (46... h4 {is tougher.} 47. gxh4 Qf4+ 48. Qg3 Qf5) 47. b5 Qc5 48. Kg2 Kh7 49. Qb3 Qb6 50. Qf7+ Kh6 51. Qf8+ Kh7 52. Qe7+ Kg8 53. a4 {[%emt 0:00:00] Qe8+ would now be deadly.} Qd4 54. Qe6+ Kg7 55. b6 {[%emt 0:00:00][%cal Bb5b6,Bb6b7][%mdl 32] White mates.} Qxa4 56. Qe5+ Kh7 57. Qc7+ Kg8 58. b7 {[%emt 0:00:00] Weighted Error Value: White=0.29 (precise) /Black=0.72  Loses game:     	---       	Black=1      Mistake:       	White=2     	Black=4      Inaccurate:     	White=4     	Black=6      OK:         	White=17    	Black=11     Best:        	White=1     	Black=6      Strong:       	White=1     	---        Brilliant:      	White=1     	---} 1-0

[Event "FIDE WSTC Open 50 2025"]
[Site "Prague"]
[Date "2025.02.18"]
[Round "2.18"]
[White "Cummings, David H."]
[Black "Temirbayev, Serikbay"]
[Result "0-1"]
[Annotator "TA"]
[ECO "A16"]
[WhiteElo "2255"]
[BlackElo "2372"]
[PlyCount "92"]
[EventDate "2025.02.17"]
[EventType "team-tourn"]
[EventCountry "CZE"]
[SourceTitle "playchess.com"]
[Source "ChessBase"]
[SourceQuality "1"]
[TimeControl "40/5400+30:1800+30"]

1. c4 Nf6 2. Nc3 g6 3. Nf3 Bg7 4. e4 d6 5. d4 O-O 6. Bd3 e5 7. d5 a5 8. O-O Na6 {[%emt 0:09:59] E90: King's Indian: Classical: Early deviations and 6 h3.} 9. a3 Bd7 10. Bc2 Nh5 {[%emt 0:04:53] White is slightly better.} 11. Rb1 h6 12. Kh1 Qe8 13. b4 axb4 14. axb4 f5 $146 (14... Qe7 $142) (14... c5 15. dxc6 bxc6 16. b5 cxb5 17. cxb5 Rc8 18. bxa6 Rxc3 19. a7 Qa8 20. Be3 Rxe3 21. fxe3 Qxa7 22. Qxd6 {1-0 Ciolek,A (2166)-Seker,B (1907) Bratislava exe op 2nd 2024 (4)}) 15. exf5 $16 gxf5 16. Re1 (16. Nh4 $142) 16... Nf6 17. h3 {[%emt 0:10:00] Repels Ng4} Qh5 18. Nh2 (18. Rb3 $16) 18... Qh4 $1 $11 19. Qe2 e4 {[%emt 0:00:20] Repels Nf3} 20. Bd2 Rae8 21. Qf1 Nh7 22. g3 Qf6 23. Ne2 Ng5 24. Nf4 Bh8 ({Better is} 24... c6) 25. Qe2 Nf7 (25... c6 $16 26. dxc6 bxc6) 26. Rg1 $18 Ne5 27. Bc3 Kf7 (27... Qf7 $16) 28. Bb3 (28. Qh5+ $142 Kg7 29. g4 (29. f3 Qg5 $16)) 28... Ke7 (28... Kg8 $142 29. g4 Kh7) 29. c5 {[%emt 0:00:27][%cal Bc4c5,Bc5c6][%mdl 32] Bxe5 is the strong threat.} Qf7 {[%emt 0:05:18] [#]} 30. c6 $1 Bc8 31. Ne6 (31. Bd2 $18) 31... Nd3 $16 {[%emt 0:00:50] White has space advantage and is better} 32. Bxh8 Rxh8 33. cxb7 Bxb7 34. Bc4 ({White should try} 34. f3 $18) 34... Naxb4 {[%emt 0:00:39] [#]} 35. Rxb4 $4 {[%emt 0:00:38][%mdl 8192] This costs White the game.} Nxb4 $19 36. Rb1 $2 (36. Rd1 {is a better defense.} Bxd5 37. Rxd5 Qxe6 (37... Kxe6 $2 {too greedy.} 38. Rxf5+ Kxf5 39. Bxf7 $18) 38. Rb5) 36... Bxd5 (36... Nxd5 37. Nxc7 Rb8 38. Rxb7 Rxb7 39. Nxd5+ (39. Bxd5 Rb1+ 40. Kg2 Qf6 $18) 39... Kf8 40. Ba2 $16) 37. Bxd5 Nxd5 {[%emt 0:00:04] Black is clearly winning.} 38. Nd4 Nc3 39. Qb2 Nxb1 40. Nc6+ Kd7 41. Qb5 {[%emt 0:30:44] [#]} Ke6 $1 42. Qxb1 Kf6 {[%emt 0:00:00] Strongly threatening ...Qc4.} 43. Nf1 Qc4 44. Qa1+ Kg6 45. Nd4 Ra8 46. Qd1 Qd3 {[%emt 0:00:00] Weighted Error Value: White=0.59/Black=0.21 (precise)   Loses game:     	White=1     	---        Mistake:       	White=6     	Black=5      Inaccurate:     	White=2     	Black=3      OK:         	White=15    	Black=8      Best:        	White=1     	Black=3      Strong:       	---       	Black=1} 0-1

[Event "FIDE WSTC Open 50 2025"]
[Site "Prague"]
[Date "2025.02.18"]
[Round "2.19"]
[White "Tikzhanov, Yerlan"]
[Black "Barron, Michael"]
[Result "1-0"]
[Annotator "TA"]
[ECO "C50"]
[WhiteElo "2323"]
[BlackElo "2049"]
[PlyCount "55"]
[EventDate "2025.02.17"]
[EventType "team-tourn"]
[EventCountry "CZE"]
[SourceTitle "playchess.com"]
[Source "ChessBase"]
[SourceQuality "1"]
[TimeControl "40/5400+30:1800+30"]

1. e4 e5 2. Nf3 Nc6 3. Bc4 Bc5 4. O-O Nf6 5. d3 O-O 6. Nbd2 {[%emt 0:01:28] C50: Hungarian Defence and Giuoco Pianissimo.} d5 7. exd5 Nxd5 8. Re1 {[%emt 0:00:52] White is slightly better.} f6 {[%emt 0:04:39] 8...Nf6 is the modern continuation.} 9. Ne4 Bb6 10. c3 Kh8 11. a4 Bg4 12. h3 Bh5 13. Ng3 Bf7 14. Qc2 $146 (14. Bd2 a5 15. Nh4 Qd7 16. Qg4 Qxg4 17. hxg4 Rad8 18. Nf3 h6 19. Rad1 Ba7 20. Ne4 {0-1 Delchev,A (2617)-Van Foreest,J (2472) Basel op 2015 (3)}) 14... a5 15. b3 Qd7 16. Ba3 Rfe8 17. Ne4 Nf4 18. Rad1 $2 (18. Bxf7 $11 {and White stays safe.} Qxf7 19. Bc1) 18... Bh5 $19 {[%emt 0:01:15] And now ...Bxf3 would win.} 19. Nh4 (19. Nh2 $142) 19... Nxh3+ (19... Bxd1 20. Qxd1 Ne7 21. Qf3 $15) 20. Kh2 (20. gxh3 $2 {loses.} Qxh3 21. Bd5 Rad8 (21... Qxh4 $2 22. Kg2 $19) (21... Bxd1 22. Qxd1 Qxh4 23. Kg2 $19) 22. Bxc6 bxc6 $19) 20... Qg4 {[%emt 0:00:44] [#]} (20... Bxd1 $19 21. Rxd1 Qg4 22. gxh3 Qf4+ (22... Qxh4 $2 23. Rg1 $19) 23. Kg2 Qxh4) 21. f3 $1 $16 {[%emt 0:02:42] Really sharp!} Qf4+ (21... Qxh4 $16 {is a better chance.} 22. g3 Qg5 23. Nxg5 Nxg5) 22. g3 Qh6 23. Kxh3 Bxf3 24. Rf1 Bxd1 (24... Bxe4 $142 25. dxe4 Rad8) 25. Qxd1 $18 {[%emt 0:00:14] White is clearly winning.} Ne7 26. Kg2 {[%emt 0:01:35] [#] Bxe7 would now be deadly.} Rad8 27. Bxe7 Rxe7 28. Nf5 {[%emt 0:00:25][%csl LRe7,LRh6] Weighted Error Value: White=0.27 (precise) /Black=0.85  Loses game:     	White=1     	Black=1      Missed win:     	---       	Black=1      Mistake:       	White=1     	Black=1      Inaccurate:     	White=2     	Black=1      OK:         	White=6     	Black=11     Best:        	White=2     	Black=1      Strong:       	White=1     	---} 1-0